 Dungeon Crawl Stone Soup version 0.29.1 (webtiles) character file.

Game seed: 5601928351257856967

22584 Icepheonix32 the Warrior (level 12, -4/124 HPs)
             Began as a Minotaur Fighter on Sept 13, 2022.
             Was the Champion of Okawaru.
             Slain by a 14-headed hydra (6 damage)
             ... on level 14 of the Dungeon.
             The game lasted 00:30:14 (11529 turns).

Icepheonix32 the Warrior (Minotaur Fighter)        Turns: 11529, Time: 00:30:15

Health: -4/124     AC: 22    Str: 24    XL:     12   Next: 64%
Magic:  13/15      EV: 15    Int:  5    God:    Okawaru [******]
Gold:   264        SH: 14    Dex: 12    Spells: 11/11 levels left

rFire   . . .      SeeInvis .   L - +4 war axe
rCold   . . .      Faith    +   c - +2 kite shield "Ril Kotil" {rElec}
rNeg    . . .      Spirit   .   J - +0 chain mail "Focsud" {Regen+}
rPois   .          Reflect  .   X - +0 hat
rElec   +          Harm     .   v - +0 cloak
rCorr   .          Rampage  .   e - +1 pair of gloves
Will    +....                   (no boots)
Stlth   ..........              U - amulet of faith
HPRegen 1.10/turn               P - +4 ring of protection
MPRegen 0.14/turn               A - +4 ring of evasion

@: heroic
A: horns 2, retaliatory headbutt, strong-willed 1, mutation resistance 1
a: Renounce Religion, Heroism, Finesse, Duel


You were on level 14 of the Dungeon.
You worshipped Okawaru.
Okawaru was exalted by your worship.
You visited 2 branches of the dungeon, and saw 14 of its levels.
You also visited: Sewer and Bailey.

You collected 698 gold pieces.
You spent 434 gold pieces at shops.

Inventory:

Hand Weapons
 a - a +1 war axe of chaos
 i - a +1 vampiric scimitar
 D - a +0 arbalest
 L - a +4 war axe (weapon)
Missiles
 j - 11 javelins
 u - a throwing net
 H - 3 boomerangs
 K - 10 curare-tipped darts
Armour
 c - the +2 kite shield "Ril Kotil" (worn) {rElec}
   (Okawaru gifted it to you on level 11 of the Dungeon)

   rElec:     It insulates you from electricity.
 e - a +1 pair of gloves (worn)
 n - a +2 buckler of poison resistance
 v - a +0 cloak (worn)
 J - the +0 chain mail "Focsud" (worn) {Regen+}
   (You bought it in a shop on level 2 of the Dungeon)

   Regen:     It increases your rate of health regeneration.
 X - a +0 hat (worn)
Jewellery
 k - a ring of protection from cold
 m - an amulet of regeneration
 s - a ring of resist corrosion
 t - a +6 ring of dexterity
 A - a +4 ring of evasion (right hand)
 C - a +4 ring of evasion
 G - an amulet of guardian spirit
 N - a ring of wizardry
 P - a +4 ring of protection (left hand)
 Q - a ring of protection from fire
 T - a ring of ice
 U - an amulet of faith (around neck)
Wands
 w - a wand of iceblast (12)
 z - a wand of digging (12)
 F - a wand of polymorph (7)
 O - a wand of mindburst (7)
Scrolls
 g - 3 scrolls of fear
 h - 2 scrolls of torment
 p - a scroll of noise
 r - 2 scrolls of blinking
 x - 11 scrolls of teleportation
 y - a scroll of poison
 B - a scroll of amnesia
 I - a scroll of silence
 M - 3 scrolls of enchant weapon
 S - a scroll of magic mapping
 V - 3 scrolls of identify
Potions
 d - 3 potions of might
 f - 8 potions of curing
 l - a potion of invisibility
 o - 2 potions of attraction
 q - 3 potions of lignification
 E - a potion of flight
 R - a potion of heal wounds
 W - a potion of berserk rage {unknown}
Miscellaneous
 b - a phial of floods


   Skills:
 * Level 16.6(21.6) Fighting
 + Level 12.3(17.3) Axes
 + Level 0.3(5.3) Throwing
 + Level 12.2(17.2) Armour
 + Level 4.1(9.1) Dodging
 + Level 0.4(5.4) Stealth
 + Level 9.0(14.0) Shields
 * Level 5.5 Invocations
 + Level 0.1 Evocations


You had 11 spell levels left.
You didn't know any spells.
Your spell library contained the following spells:

 Spells                   Type           Power      Damage    Failure   Level
 Magic Dart               Conj           0%         1d3       98%         1
 Shock                    Conj/Air       0%         1d3       98%         1
 Sting                    Tmut/Pois      0%         1d3       98%         1
 Blink                    Tloc           0%         N/A       99%         2
 Ensorcelled Hibernation  Hex/Ice        0%         N/A       99%         2
 Passwall                 Tmut/Erth      0%         N/A       99%         2
 Poisonous Vapours        Pois/Air       0%         N/A       99%         2
 Mephitic Cloud           Conj/Pois/Air  0%         N/A       100%        3
 Swiftness                Air            0%         N/A       100%        3
 Airstrike                Air            0%         2d(0-16)  100%        4
 Olgreb's Toxic Radiance  Pois           0%         N/A       100%        4
 Lightning Bolt           Conj/Air       0%         1d11      100%        5
 Manifold Assault         Tloc           0%         N/A       100%        5
 Storm Form               Tmut/Air       0%         N/A       100%        7
 Call Imp                 Summ           Unusable   N/A       N/A         2
 Summon Lightning Spire   Summ/Air       Unusable   N/A       N/A         4

Dungeon Overview and Level Annotations

Branches:
Dungeon (14/15)            Temple (1/1) D:5            Lair (0/5) D:10
 Vaults (0/5) D:13          Sewer (visited)          Bailey (visited)
    Orc: D:9-12

Altars:
Ashenzari
Cheibriados
Dithmenos
Elyvilon
Fedhas
Gozag
Hepliaklqana
Kikubaaqudgha
Makhleb
Nemelex Xobeh
Okawaru
Qazlal
Ru
Sif Muna
Trog
Uskayaw
Vehumet
Wu Jian
Xom
Yredelemnul
Zin
The Shining One

Shops:
D:2 [   D:7 *


Innate Abilities, Weirdness & Mutations

You have a pair of horns on your head.
You reflexively headbutt those who attack you in melee.
You are strong-willed. (Will+)
You are somewhat resistant to further mutation.


Message History

* * * LOW HITPOINT WARNING * * *
The 11-headed hydra bites you but does no damage.
You hack one of the 11-headed hydra's heads off!
The ten-headed hydra grows two more!
You slice the 12-headed hydra!!
The 12-headed hydra is severely wounded.
The 12-headed hydra bites you.
* * * LOW HITPOINT WARNING * * *
The 12-headed hydra bites you but does no damage.
You block the 12-headed hydra's attack. x3
The 12-headed hydra bites you but does no damage.
The 12-headed hydra misses you. The 12-headed hydra barely misses you.
The 12-headed hydra bites you but does no damage.
You block the 12-headed hydra's attack. The 12-headed hydra bites you.
* * * LOW HITPOINT WARNING * * *
The 12-headed hydra bites you but does no damage.
You slice one of the 12-headed hydra's heads off!
The 11-headed hydra grows two more!
You slash the 13-headed hydra!
The 13-headed hydra is severely wounded.
Unknown command.
You slice one of the 13-headed hydra's heads off!
The 12-headed hydra grows two more!
You slash the 14-headed hydra!
The 14-headed hydra is heavily wounded.
The 14-headed hydra closely misses you. You furiously retaliate!
You headbutt the 14-headed hydra!
The 14-headed hydra completely misses you.
The 14-headed hydra bites you.
* * * LOW HITPOINT WARNING * * *
The 14-headed hydra closely misses you. You block the 14-headed hydra's attack.
The 14-headed hydra misses you.
The 14-headed hydra bites you but does no damage.
The 14-headed hydra bites you.
* * * LOW HITPOINT WARNING * * *
The 14-headed hydra bites you!
* * * LOW HITPOINT WARNING * * *
The 14-headed hydra bites you.
* * * LOW HITPOINT WARNING * * *
The 14-headed hydra bites you.
* * * LOW HITPOINT WARNING * * *
You block the 14-headed hydra's attack. The 14-headed hydra bites you.
You die...

.........##..........#
.........##..........#
.....................#
(........##..........#
.>.......##..........#
.........##..........#
.........##.........(#
.........########'####
.........# #@.#
########## #D## #.#
#.# ... ..... #......
#....... #........


You could see a 14-headed hydra.

Vanquished Creatures
  Josephine (D:13)
  A boulder beetle (D:13)
  A centaur warrior (D:13)
  A two-headed ogre (D:13)
  A tengu warrior (D:13)
  Urug (D:11)
  5 skeletal warriors (D:13)
  2 deep elf pyromancers (D:13)
  An orc knight (Bailey)
  A manticore (D:13)
  Maurice (D:8)
  A smoke demon (D:10)
  A rime drake (D:6)
  3 kobold demonologists
  A komodo dragon (D:8)
  An unseen horror (D:13)
  2 trolls
  A hornet (D:9)
  3 slime creatures (D:14)
  7 wraiths
  6 wyverns
  3 shadows
  A steam dragon (D:8)
  5 acid dragons
  7 water moccasins
  4 black bears (D:10)
  4 sky beasts
  2 ice beasts
  15 orc warriors
  A wolf (D:10)
  2 ogres
  7 centaurs
  3 lemures (D:6)
  A phantom (D:6)
  2 kobold brigands
  Blork the orc (D:6)
  4 bullfrogs
  A gnoll sergeant (D:6)
  2 scorpions
  13 wights
  5 killer bees (D:10)
  7 electric eels
  8 howler monkeys
  4 hounds
  4 orc priests
  A gnoll bouda (D:7)
  4 iguanas
  Ijyb (D:5)
  13 orc wizards
  6 gnolls
  15 adders
  A river rat (D:3)
  A shadow imp (D:7)
  2 ufetubi (D:5)
  A worm (D:3)
  4 dart slugs
  35 orcs
  11 ball pythons
  8 endoplasms
  10 giant cockroaches
  9 goblins
  10 hobgoblins
  6 quokkas
  3 bats (D:1)
  8 frilled lizards
  14 kobolds
  8 rats
  2 toadstools (D:1)
321 creatures vanquished.

Vanquished Creatures (others)
  A water elemental (D:13)
  An orc wizard (D:8)
  6 fungi (D:10)
  44 plants
  2 toadstools (D:1)
  2 withered plants (D:8)
56 creatures vanquished.

Grand Total: 377 creatures vanquished

Notes
Turn   | Place    | Note
-------+----------+-------------------------------------------
     0 | D:1      | Icepheonix32 the Minotaur Fighter began the quest for the
                  | Orb.
     0 | D:1      | Reached XP level 1. HP: 19/19 MP: 0/0
    62 | D:1      | Reached skill level 4 in Fighting
   123 | D:1      | Reached XP level 2. HP: 27/27 MP: 1/1
   750 | D:2      | Reached XP level 3. HP: 34/34 MP: 2/2
   888 | D:2      | Found Deusi's Armour Shop.
  1101 | D:2      | Reached XP level 4. HP: 41/41 MP: 3/3
  1494 | D:3      | Found a faded altar of an unknown god.
  1586 | D:3      | Found a glowing drain.
  1624 | Sewer    | Entered a sewer
  1652 | Sewer    | Reached skill level 1 in Dodging
  1862 | Sewer    | Reached skill level 5 in Fighting
  1902 | Sewer    | Reached XP level 5. HP: 47/48 MP: 4/4
  2159 | Sewer    | Reached XP level 6. HP: 44/57 MP: 5/5
  2698 | D:4      | Reached skill level 6 in Fighting
  2698 | D:4      | Reached skill level 5 in Axes
  2699 | D:4      | Found an iron altar of Okawaru.
  2701 | D:4      | Found a sparkling altar of Nemelex Xobeh.
  2905 | D:4      | Reached XP level 7. HP: 63/63 MP: 6/6
  3278 | D:4      | Reached skill level 5 in Armour
  3584 | D:5      | Entered Level 5 of the Dungeon
  3634 | D:5      | Reached skill level 13 in Fighting
  3634 | D:5      | Reached skill level 10 in Armour
  3634 | D:5      | Reached XP level 8. HP: 86/86 MP: 7/7
  3722 | D:5      | Gained mutation: You are covered in fur. (AC +1) [potion of
                  | mutation]
  3749 | D:5      | Found a staircase to the Ecumenical Temple.
  3808 | Temple   | Entered the Ecumenical Temple
  4496 | D:5      | Noticed a +0 hand axe
  4497 | D:5      | Noticed a +0 hand axe
  4499 | D:5      | Found a hide-covered altar of Uskayaw.
  4499 | D:5      | Noticed Ijyb
  4506 | D:5      | Killed Ijyb
  4716 | D:4      | Became a worshipper of Warmaster Okawaru
  5070 | D:6      | Reached XP level 9. HP: 94/94 MP: 8/8
  5098 | D:6      | Noticed Pikel
  5101 | D:6      | Noticed Pikel
  5101 | D:6      | Pikel changed into Pikel the rime drake
  5106 | D:6      | Killed Pikel the rime drake
  5107 | D:6      | Reached skill level 5 in Shields
  5363 | D:6      | Reached * piety under Okawaru
  5428 | D:6      | Found a stormy altar of Qazlal.
  5429 | D:6      | Noticed Blork the orc
  5440 | D:6      | Killed Blork the orc
  5621 | D:2      | Bought the +0 chain mail "Focsud" {Regen+} for 115 gold
                  | pieces
  6022 | D:7      | Found Fuum's Serpentskin Sales.
  6137 | D:7      | Bought 4 curare-tipped darts for 26 gold pieces
  6222 | D:7      | Reached ** piety under Okawaru
  6460 | D:7      | Found a radiant altar of Vehumet.
  6463 | D:7      | Found a burning altar of Makhleb.
  6463 | D:7      | Found an iron altar of Okawaru.
  6465 | D:7      | Found a basalt altar of Yredelemnul.
  6465 | D:7      | Found a shimmering altar of Xom.
  6465 | D:7      | Found an iron altar of Okawaru.
  6494 | D:7      | Reached skill level 14 in Fighting
  7011 | D:8      | Noticed Maurice
  7054 | D:8      | Killed Maurice
  7055 | D:8      | Reached XP level 10. HP: 103/103 MP: 9/9
  7159 | D:8      | Reached *** piety under Okawaru
  7227 | D:8      | Found an opulent altar of Gozag.
  7356 | D:8      | Found a basalt altar of Yredelemnul.
  7390 | D:8      | Found a flagged portal.
  7429 | Bailey   | Entered a bailey
  7548 | Bailey   | Reached **** piety under Okawaru
  7794 | Bailey   | Noticed an orc knight
  7816 | Bailey   | Killed an orc knight
  7817 | Bailey   | Reached skill level 1 in Invocations
  8400 | D:9      | Paralysed by a hornet for 1 turns
  8432 | D:9      | Reached skill level 10 in Axes
  8491 | D:9      | Found an ancient bone altar of Kikubaaqudgha.
  8563 | D:9      | Reached XP level 11. HP: 111/111 MP: 11/11
  8867 | D:9      | Found a hazy altar of Hepliaklqana.
  9020 | D:9      | Found an ornate altar of the Wu Jian Council.
  9065 | D:10     | Entered Level 10 of the Dungeon
  9070 | D:10     | Reached skill level 15 in Fighting
  9074 | D:10     | Noticed a soul eater
  9087 | D:9      | Reached ***** piety under Okawaru
  9091 | D:9      | Received a gift from Okawaru
  9288 | D:10     | Lost mutation: You are covered in fur. (AC +1) [potion of
                  | mutation]
  9288 | D:10     | Gained mutation: You are strong-willed. (Will+) [potion of
                  | mutation]
  9288 | D:10     | Gained mutation: You are somewhat resistant to further
                  | mutation. [potion of mutation]
  9483 | D:10     | Found a burning altar of Makhleb.
  9553 | D:10     | Found a staircase to the Lair.
  9701 | D:11     | Found Zin's Purification Station.
  9704 | D:11     | Found a glowing silver altar of Zin.
  9713 | D:11     | Bought a potion of curing for 90 gold pieces
  9779 | D:7      | Bought a +2 buckler of poison resistance for 203 gold
                  | pieces
  9889 | D:11     | Noticed Urug
  9903 | D:11     | Killed Urug
  9903 | D:11     | Identified the +2 kite shield "Ril Kotil" {rElec} (Okawaru
                  | gifted it to you on level 11 of the Dungeon)
  9903 | D:11     | Received a gift from Okawaru
 10272 | D:11     | You fall into a shaft and drop 2 floors!
 10284 | D:13     | Noticed a centaur warrior
 10289 | D:13     | Noticed a boulder beetle
 10294 | D:13     | Killed a centaur warrior
 10326 | D:13     | Killed a boulder beetle
 10460 | D:13     | Noticed a deep elf pyromancer
 10469 | D:13     | Killed a deep elf pyromancer
 10498 | D:13     | Noticed a skeletal warrior
 10499 | D:13     | Noticed a skeletal warrior
 10515 | D:13     | Noticed a skeletal warrior
 10548 | D:13     | Killed a skeletal warrior
 10549 | D:13     | Reached XP level 12. HP: 121/122 MP: 14/14
 10593 | D:13     | Reached skill level 16 in Fighting
 10749 | D:13     | Noticed a two-headed ogre
 10750 | D:13     | Noticed a tengu warrior
 10758 | D:13     | Killed a two-headed ogre
 10759 | D:13     | Reached skill level 5 in Invocations
 10768 | D:13     | Killed a tengu warrior
 10996 | D:13     | Received a gift from Okawaru
 10996 | D:13     | Reached ****** piety under Okawaru
 11041 | D:13     | Found a gate to the Vaults.
 11189 | D:13     | Noticed Josephine
 11208 | D:13     | Killed Josephine
 11514 | D:14     | Noticed a six-headed hydra
 11529 | D:14     | HP: 2/124 [14-headed hydra (5)]
 11529 | D:14     | Slain by a 14-headed hydra

Illustrated notes

Levels and vault maps discovered:
D:1:      ldierk_water_garden, layout_rooms, serial_forest,
          infiniplex_forest_clump_long, infiniplex_forest_end_3,
          infiniplex_forest_lined_4_way, infiniplex_forest_clump_double,
          infiniplex_forest_pool, infiniplex_forest_clump_tiny,
          infiniplex_forest_clump_medium, infiniplex_forest_straight_4,
          serial_bayou_pond_a
D:2:      layout_rooms, serial_forest, infiniplex_forest_straight_3,
          infiniplex_forest_corner_1, infiniplex_forest_lined_corner,
          infiniplex_forest_clump_diagonal, infiniplex_forest_corner_2,
          infiniplex_forest_clump_small, serial_shops,
          nicolae_shop_behind_doors, grunt_ministairs_13
D:3:      layout_rooms, ebering_ecumenical_altar_ruins, portal_sewer_entry_a,
          kennysheep_another_room
D:4:      layout_loops_corners, nicolae_overflow_hidden_temple
D:5:      layout_basic, dancing_weapons_uskayaw, minmay_temple_entry_wispy,
          st_stairs_3, uniq_ijyb
D:6:      dreamdust_elfheim, layout_basic, grunt_qazlal_sundering,
          uniq_blork_the_orc, uniq_pikel
D:7:      layout_loops_ring, doesnt_xom_only_xom, serial_bayou,
          serial_bayou_lagoon_a, serial_bayou_pond_b, serial_bayou_shore_b,
          serial_bayou_pond_c, grunt_ogre_cave, guppyfry_shop_venom
D:8:      layout_loops_ring, yredelemnul_altar_generic,
          nicolae_overflow_crystal_walls, enter_bailey_3, grunt_ministairs_6,
          minmay_misc_feat_tiny, uniq_maurice
D:9:      layout_irregular_city, kennysheep_mini,
          nicolae_hepliaklqana_hippocampus, kiku_gazebo_pond_becter,
          chequers_serial_rivers_micro_a
D:10:     layout_big_octagon, demons_altar, minmay_lair_entry_grove,
          dk_noncrumbling_4, kennysheep_big_empty_room
D:11:     layout_cave_pods, zin_purify, uniq_harold, uniq_urug
D:13:     layout_basic, uniq_josephine
D:14:     layout_roguey, serial_shops, nicolae_shop_hallway_plus
Temple:   bh_familiar_temple

Skill      XL: |  1  2  3  4  5  6  7  8  9 10 11 12 |
---------------+-------------------------------------+-----
Fighting       | 4 5 6 13 14 15 16 | 16.6
Axes           | 3 4 5 6 8 10 11 12 | 12.3
Shields        | 4 5 7 9 |  9.0
Dodging        | 1 2 3 4 |  4.1
Armour         | 4 10 11 12 | 12.2
Invocations    | 2 4 5 |  5.5
Throwing       | |  0.3
Stealth        | |  0.4
Evocations     | |  0.1

Action                   |  1- 3 |  4- 6 |  7- 9 | 10-12 || total
-------------------------+-------+-------+-------+-------++-------
Melee: War axe           |    69 |   149 |   190 |   584 ||   992
       Headbutt          |     9 |    14 |    33 |   149 ||   205
Throw: Javelin           |       |       |     1 |       ||     1
       Boomerang         |       |       |       |     3 ||     3
Invok: Heroism           |       |       |       |    10 ||    10
Evoke: Wand              |       |       |       |     6 ||     6
  Use: Scroll            |       |     9 |     7 |     5 ||    21
       Potion            |       |     1 |     4 |     3 ||     8
Armor: Scale mail        |    28 |    89 |     7 |       ||   124
       Chain mail        |       |       |    92 |   231 ||   323
Dodge: Dodged            |    37 |    82 |    65 |   336 ||   520
Block: Buckler           |    21 |    44 |    54 |    98 ||   217
       Kite shield       |       |       |       |   150 ||   150
